Unix NetHack Version 3.7.0-59 Work-in-progress - last build Jun 21 2022 21:34:18 (82e59222e4b6558e33156aede0636042c14940b8,branch:master). Game began 2022-05-26 18:53:43, ended 2022-09-21 18:55:07. Arasaka, neutral female gnomish Healer ---------------------- ...........D..q%..@...| ...........----.----@..--- .....%.....--.?.....--....| ....'[.A..--.$..A....--...------- ----- ..%.......| ........ |.........| ----- ...| -..%------- .5...... -------...| |... ---------..-- ----*--- ..@....- ----.---- --..--------- |.......|..%-- --....... -----|----- -.......-- --...|.......| |.......|....---%%a..... ---..@@A@...--- .........---..%.|.......| |..._...@a.%%@aa.....%. 4 |.AA..@@..@.%.| .....%.a@.@....-A%*_...| |.......|....---...A... |. ----A---- .| .....%.---....|.......| |.......|...-- --..... | |.......| | .....-- --...|..$....| ---------.%-- ----- |.......| ----- --..--------- ...| |%..@@..| |... ----- |.......| ----- @|.......|A A--------- A A Arasaka the Herbalist St:18/12 Dx:19 Co:17 In:14 Wi:20 Ch:18 Neutral Astral Plane $:0 HP:92(130) Pw:159(186) AC:-22 Xp:19/2607750 T:42387 Latest messages: The Angel of Poseidon hits the priest of Athena. The Angel of Poseidon hits the priest of Athena. The priest of Athena wields a mace! The Angel of Moloch zaps you with a magic missile! The magic missile whizzes by you! The magic missile hits the Angel of Poseidon. The magic missile misses the high priestess. The air crackles around the priest of Moloch. You hit the Angel of Poseidon with the chickatrice corpse. The Angel of Poseidon is slowing down. The Angel of Poseidon turns to stone. The Angel of Poseidon swings her long sword at the priest of Athena. The Angel of Poseidon hits the priest of Athena. The Angel of Poseidon swings her long sword at the priest of Athena. The Angel of Poseidon hits the priest of Athena. The Angel of Poseidon hits the priest of Athena. The priest of Athena swings his mace at the Angel of Poseidon. The priest of Athena hits the Angel of Poseidon. The priest of Athena misses the Angel of Poseidon. The Angel of Moloch zaps you with a magic missile! The magic missile hits you! But it reflects from your armor! The magic missile hits the Angel of Moloch. "Look! Thy bootlace is undone!" The high priestess intones: "Pilgrim, you enter a sacred place!" "Why search for the Amulet? Thou wouldst but lose it, cretin." The Angel of Moloch zaps you with a magic missile! The magic missile hits you! But it reflects from your armor! The high priestess of Hermes wields a mace! The mace welds itself to the high priestess of Hermes' hand! The Angel of Moloch swings her long sword at the priest of Athena. The Angel of Moloch hits the priest of Athena. The Angel of Moloch swings her long sword at the priest of Athena. The Angel of Moloch hits the priest of Athena. The Angel of Moloch hits the priest of Athena. The high priestess of Hermes swings her mace. The high priestess of Hermes hits! The high priestess of Hermes kicks! The high priestess of Hermes casts a spell at you! A sudden geyser slams into you from nowhere! The high priestess of Hermes points at you, then curses. There is a high altar to Hermes (neutral) here. What do you want to sacrifice? [g or ?*] You offer the Amulet of Yendor to Hermes... An invisible choir sings, and you are bathed in radiance... The voice of Hermes rings out: "Mortal, thou hast done well!" "In return for thy service, I grant thee the gift of Immortality!" You ascend to the status of Demigoddess... Major events: Turn 1: Arasaka the neutral female gnomish Healer entered the dungeon 583: entered the Gnomish Mines 844: reached Mine Town 1018: attained the rank of Empiric (level 3) 1610: made her first wish - "the blessed eye of the aethiopica" 2078: attained the rank of Embalmer (level 6) 2805: acquired the Mines' End luckstone 6707: bestowed with Vorpal Blade by Hermes 7328: entered Sokoban 7672: completed sokoban 1 8016: completed sokoban 2 8734: completed sokoban 3 9326: attained the rank of Dresser (level 10) 9751: completed sokoban 4 9802: acquired the Sokoban bag of holding 10092: entered the Bigroom 18584: killed Medusa 19444: wished for "3 blessed charging" 19510: wished for "magic marker" 23784: entered Gehennom 23798: wished for "magic marker", got "a magic marker" 24205: attained the rank of Medica ossium (level 14) 24656: killed the Cyclops 24657: found the Staff of Aesculapius on the floor 24657: acquired the Bell of Opening 28466: killed Croesus 30659: bestowed with Mjollnir by Hermes 31022: performed her first genocide (class L) 31024: genocided class h 31331: killed Juiblex 31337: killed the invisible Asmodeus 31439: killed the invisible Baalzebub 31979: killed Orcus 33500: destroyed Vlad the Impaler 33501: acquired the Candelabrum of Invocation 34939: averted death (choked on a wraith corpse) 34953: attained the rank of Herbalist (level 18) 36571: wished for "blessed spellbook of magic missile", got "a silver spellbook" 36614: wished for "greased blessed fixed +3 helm of brilliance", got "a greased crested helmet" 39525: killed the Wizard of Yendor 39529: acquired the Book of the Dead 39851: performed the invocation 40020: killed the high priestess of Moloch 40035: acquired The Amulet of Yendor 40788: killed the Wizard of Yendor (2nd time) 40938: killed the Wizard of Yendor (3rd time) 42056: entered the Elemental Planes 42056: entered Plane of Earth 42056: killed the Wizard of Yendor (5th time) 42084: entered Plane of Air 42151: entered Plane of Fire 42204: wished for "blessed fixed +2 boots of jumping", got "a pair of mud boots" 42207: entered Plane of Water 42257: wished for "blessed partly eaten chickatrice corpse", got "a partly eaten chickatrice corpse" 42259: entered the Astral Plane 42273: killed Pestilence 42283: found Sting carried by a monster 42311: killed Pestilence (2nd time) 42331: killed Famine 42372: killed Death 42387: ascended Inventory: Amulets ('"') K - the blessed Eye of the Aethiopica (being worn) Weapons (')') a - the blessed +6 Staff of Aesculapius A - the uncursed rustproof +6 Vorpal Blade Armor ('[') X - a blessed rustproof +3 helm of brilliance (being worn) j - a blessed fireproof +3 pair of gauntlets of dexterity (being worn) L - a blessed fireproof +2 pair of jumping boots (being worn) n - an uncursed fireproof +0 pair of speed boots x - an uncursed fireproof +0 robe (being worn) D - an uncursed +1 silver dragon scale mail (being worn) Comestibles ('%') u - an uncursed K-ration I - a blessed homemade tin of lizard meat M - a blessed partly eaten chickatrice corpse (wielded) Potions ('!') R - 2 uncursed potions of full healing Rings ('=') w - an uncursed ring of conflict (on right hand) f - an uncursed ring of free action h - an uncursed ring of levitation named !C Wands ('/') G - an uncursed wand of death (0:0) P - an uncursed wand of digging (0:0) Z - an uncursed wand of teleportation (0:7) N - an uncursed wand of teleportation (0:0) O - an uncursed wand of teleportation (0:0) Tools ('(') z - a blessed greased bag of holding containing 91 items b - an uncursed bugle F - a blessed oil lamp (lit) e - an uncursed skeleton key c - an uncursed stethoscope E - an uncursed towel s - a blessed +0 unicorn horn Gems/Stones ('*') o - a blessed luckstone Contents of the bag of holding: an uncursed amulet of change an uncursed amulet of reflection a cursed amulet of restful sleep an uncursed amulet of unchanging an uncursed amulet versus poison an uncursed -1 silver saber a blessed +3 pair of leather gloves an uncursed fireproof +0 pair of water walking boots named fireproof a cursed +3 cloak of magic resistance an uncursed burnt +0 cloak of protection a blessed +0 mummy wrapping 13 uncursed K-rations an uncursed sprig of wolfsbane 2 blessed tins of nurse meat an uncursed scroll of amnesia 3 uncursed scrolls of amnesia 7 uncursed scrolls of blank paper 2 cursed scrolls of blank paper 2 uncursed scrolls of charging a blessed scroll of create monster an uncursed scroll of create monster 3 cursed scrolls of destroy armor a blessed scroll of food detection an uncursed scroll of gold detection 3 uncursed scrolls of identify an uncursed scroll of identify a blessed scroll of light an uncursed scroll of light a blessed scroll of remove curse an uncursed scroll of remove curse 2 uncursed scrolls of scare monster an uncursed scroll of scare monster a cursed scroll of scare monster 8 uncursed scrolls of teleportation 3 cursed scrolls of teleportation named cursed an uncursed spellbook of drain life an uncursed spellbook of extra healing an uncursed spellbook of haste self an uncursed spellbook of jumping an uncursed spellbook of polymorph 5 uncursed potions of extra healing 2 uncursed potions of full healing a cursed potion of gain level 2 cursed potions of gain level a cursed potion of object detection 7 potions of holy water 5 potions of unholy water an uncursed ring of regeneration an uncursed ring of stealth an uncursed ring of teleport control an uncursed wand of cold (0:8) an uncursed wand of cold (0:7) an uncursed wand of death (0:3) a blessed wand of digging (0:5) an uncursed wand of digging (0:8) an uncursed wand of digging (0:6) an uncursed wand of digging (0:4) an uncursed wand of digging (0:4) an uncursed wand of digging (0:3) an uncursed wand of digging (0:2) a cursed wand of digging (0:6) a cursed wand of digging (0:6) an uncursed wand of enlightenment (0:11) an uncursed wand of fire (0:8) an uncursed wand of fire (0:6) an uncursed wand of fire (0:4) an uncursed wand of fire (0:0) an uncursed wand of lightning (0:8) an uncursed wand of lightning (0:6) an uncursed wand of lightning (0:3) an uncursed wand of lightning (0:0) an uncursed wand of opening (0:6) an uncursed wand of polymorph (0:4) an uncursed wand of probing (0:5) an uncursed wand of probing (0:5) an uncursed wand of secret door detection (0:11) an uncursed wand of secret door detection (0:5) an uncursed wand of sleep (0:8) an uncursed wand of sleep (0:4) an uncursed wand of slow monster (0:4) an uncursed wand of speed monster (0:8) an uncursed wand of speed monster (0:3) an uncursed wand of undead turning (0:4) an empty uncursed sack an uncursed horn of plenty (0:12) an uncursed can of grease (0:23) an uncursed magic marker (0:9) an uncursed magic whistle an uncursed +0 pick-axe 3 blessed tallow candles a blessed tinning kit (0:27) Arasaka the Healer's attributes: Background: You were a Herbalist, a level 19 female gnomish Healer. You were neutral, on a mission for Hermes who was opposed by Athena (lawful) and Poseidon (chaotic). You were in the endgame, on the Astral Plane. You entered the dungeon 42387 turns ago. You had 2607750 experience points, 2512250 more were needed for level 20. Basics: You had 92 out of 130 hit points. You had 159 out of 186 energy points (spell power). Your armor class was -22. Your wallet was empty. Autopickup was off. Final Characteristics: Your strength was 18/12 (limit:18/50). Your dexterity was 19 (base:16, innate limit:18). Your constitution was 17 (limit:18). Your intelligence was 14 (base:11, limit:19). Your wisdom was 20 (base:17, innate limit:18). Your charisma was 18 (limit:18). Final Status: You were not hungry. You were unencumbered. You were wielding a corpse. Final Attributes: You were piously aligned. You were magic-protected. You were fire resistant. You were cold resistant. You were sleep resistant. You were disintegration-resistant. You were shock resistant. You were poison resistant. You saw invisible. You were telepathic. You were warned. You had infravision. You were invisible to others. You caused conflict. You could jump. You had a moderate defense bonus (+9). You were guarded. You took half spell damage. You were fast. You had reflection. You were very lucky. You had extra luck. Good luck did not time out for you. You survived after being killed once. Miscellaneous: You disabled loading of bones levels. Total elapsed playing time was 13 hours, 37 minutes and 17 seconds. Vanquished creatures: Asmodeus Baalzebub Orcus Juiblex the Wizard of Yendor (5 times) Death Pestilence (twice) Famine Vlad the Impaler a high cleric Medusa Croesus 7 krakens an iron golem the Cyclops 4 storm giants a titan 4 balrogs 3 purple worms 5 gray dragons 6 gold dragons 5 silver dragons 2 red dragons 3 white dragons 6 orange dragons 3 black dragons 3 blue dragons 3 green dragons 6 yellow dragons 12 minotaurs a jabberwock 6 baluchitheria 16 Angels 2 demiliches 7 stone golems an Olog-hai 2 Nazgul 4 pit fiends 2 sandestins 5 hell hounds 4 displacer beasts 3 titanotheres a baby gray dragon 2 guardian nagas 3 genetic engineers 3 disenchanters 22 vampire leaders a skeleton 23 aligned clerics 9 captains 5 shades 2 liches 4 clay golems 8 nurses 6 ice devils 2 nalfeshnees 2 lurkers above 3 Aleaxes a frost giant 5 ettins 2 golden nagas 32 vampires 9 lieutenants 26 ghosts a healer 2 queen bees 3 winged gargoyles a mind flayer 4 giant mimics 2 long worms 3 zruties 6 fire giants 6 ogre tyrants 3 ice trolls 2 rock trolls 4 umber hulks 2 flesh golems 6 elven monarchs 3 doppelgangers 13 hezrous 16 bone devils 2 large mimics a wumpus a fire vortex 2 couatls 13 stalkers 2 air elementals 2 fire elementals an earth elemental 2 water elementals 5 hill giants 3 giant mummies a black naga 6 xorns 10 giant zombies 3 elf-nobles 23 sergeants 7 barbed devils 4 vrocks a salamander 14 wargs 2 winter wolves 2 hell hound pups 6 small mimics 2 glass piercers 5 warhorses a steam vortex 10 xans 3 ettin mummies 9 ogre leaders 10 quantum mechanics 14 trolls 4 sasquatches 2 wood golems 3 erinyes 4 mariliths 5 sharks 2 electric eels 8 gelatinous cubes 4 pyrolisks a large dog a freezing sphere 4 flaming spheres 6 shocking spheres 6 large cats a tiger 4 gargoyles 2 dwarf rulers 4 tengu 4 ochre jellies 3 leocrottas 4 energy vortices 5 mountain centaurs 2 stone giants 4 human mummies 6 red nagas 7 pythons 11 pit vipers 7 cobras 39 wraiths 6 carnivorous apes 18 ettin zombies 2 leather golems 10 Grey-elves 104 soldiers 2 amorous demons 4 horned devils 6 chameleons 3 crocodiles 29 giant beetles 4 quivering blobs 22 cockatrices 21 wolves 12 winter wolf cubs 5 lynxes 4 panthers 37 gremlins 3 spotted jellies 26 leprechauns 2 orc-captains 3 iron piercers 3 mumakil 6 giant spiders 4 scorpions a horse 3 ice vortices a baby long worm 7 black lights 9 vampire bats 4 forest centaurs 3 gnome rulers 2 orc mummies 2 dwarf mummies 9 ogres 5 brown puddings 9 rust monsters 10 owlbears 5 yetis 2 gold golems 2 werewolves 5 Green-elves 2 piranha 13 giant eels 16 lizards 6 chickatrices 3 dingoes 3 dogs a housecat 6 jaguars 4 dwarf leaders 3 blue jellies 4 white unicorns 5 black unicorns 9 dust vortices 5 ravens 7 plains centaurs 6 gnome mummies 18 snakes 5 apes 15 human zombies a rope golem 20 Woodland-elves 29 soldier ants 13 fire ants 10 bugbears 2 imps 2 lemures 6 quasits 2 wood nymphs 2 water nymphs 6 mountain nymphs 21 Mordor orcs 6 rock piercers 2 rock moles a woodchuck 4 ponies 5 fog clouds 14 yellow lights 3 shriekers 3 violet fungi 2 gnome leaders 2 gnomish wizards 6 kobold mummies a red naga hatchling 5 gray oozes 3 barrow wights 8 elf zombies 12 ghouls 5 straw golems 4 paper golems 3 jellyfish a baby crocodile 35 giant ants 2 little dogs 6 floating eyes 2 kittens 10 dwarves 6 homunculi a kobold leader a kobold shaman 23 hill orcs 15 rothes 24 rabid rats a centipede 2 giant bats 2 monkeys 14 orc zombies 16 dwarf zombies 3 wererats 3 werejackals 8 iguanas 48 killer bees an acid blob 5 coyotes a gas spore 8 hobbits 10 manes 2 large kobolds 15 hobgoblins 26 giant rats 6 cave spiders 2 brown molds 3 yellow molds a green mold a red mold 5 gnomes 7 garter snakes 14 gnome zombies 8 geckos 11 jackals 5 foxes 2 kobolds 3 goblins 8 sewer rats 5 grid bugs 2 bats 10 lichens 11 kobold zombies 7 newts 1864 creatures vanquished. Genocided or extinct species: hobbits dwarves bugbears dwarf leaders dwarf rulers mind flayers master mind flayers liches demiliches master liches arch-liches erinyes (extinct) 11 species genocided. 1 species extinct. Voluntary challenges: You read items or engraved 193 times. You engraved Elbereth 28 times. You genocided 11 types of monsters. You never changed form. You used 8 wishes (1 for an artifact). You violated the special Sokoban rules 4 times. Achievements: You entered a shop. You entered the Gnomish Mines. You entered Minetown. You entered a temple. You attained the rank of Empiric. You attained the rank of Embalmer. You completed the Gnomish Mines. You entered Sokoban. You attained the rank of Dresser. You completed Sokoban. You entered the Big Room. You defeated Medusa. You entered Gehennom. You attained the rank of Medica ossium. You handled the Bell of Opening. You handled the Candelabrum of Invocation. You attained the rank of Herbalist. You handled the Book of the Dead. You gained access to Moloch's Sanctum. You reached the Elemental Planes. You reached the Astral Plane. You delivered the Amulet of Yendor. You ascended! The Elemental Planes: Astral Plane: <- You are here. Many temples. Plane of Water: Plane of Fire: Plane of Air: Plane of Earth: The Dungeons of Doom: levels 1 to 27 Level 1: One way stairs up to The Elemental Planes. Level 2: "PET" A general store, an altar, a fountain. Stairs down to The Gnomish Mines. Level 3: "v" Level 4: Level 5: An altar to Hermes, a fountain. Level 6: "v" Level 7: Level 8: Many fountains. Oracle of Delphi. Level 9: "v" A grave. Stairs up to Sokoban, level 8. Level 10: A fountain, a sink. Level 11: A very big room. Level 12: Some fountains. Level 13: "TO FORT LUDIOS" Portal to Fort Ludios. Level 14: "MAPPED" A temple to Hermes, a fountain. Level 15: "MAPPED" A fountain. Portal to The Quest. Level 16: A fountain, a sink. Level 17: "MAPPED" A temple to Hermes. Level 18: A primitive area. Level 19: Some fountains. Level 20: "MAPPED" A temple to Hermes, some fountains. Level 21: A fountain. Level 22: "MAPPED" Level 23: Level 24: Level 25: Level 26: Level 27: "s BOOKS" A fountain. The castle. Connection to Gehennom. Gehennom: levels 28 to 51 Level 28: A temple, many graves. Valley of the Dead. Level 29: Level 30: Level 31: Level 32: A fountain. Level 33: Level 34: Level 35: Level 36: Level 37: Level 38: Level 39: Stairs up to Vlad's Tower, level 38. Level 40: Level 41: Level 42: Some shops, an altar, many graves. Level 43: Level 44: "cockatrice" Level 45: Level 46: Level 47: "lotsa 'trices!" Level 48: "TO WIZARD" Level 49: Level 50: "LOTSA TRICES" Level 51: A temple, many graves. Moloch's Sanctum. The Gnomish Mines: levels 3 to 10 Level 3: Level 4: Level 5: Level 6: Many shops, a temple to Hermes, some fountains, some trees. Level 7: Level 8: Level 9: "POLYTRAP" Level 10: The Quest: levels 1 to 5 Level 1: "BLACK DRAGON" An altar to Hermes. Completed quest for Hippocrates. Level 2: Level 3: A temple. Level 4: Level 5: Sokoban: levels 8 up to 5 Level 5: Solved. Level 6: Solved. Level 7: Solved. Level 8: Solved. Fort Ludios: Level 1: Fort Ludios. Vlad's Tower: levels 38 up to 36 Level 36: A throne. Level 37: Level 38: Goodbye Arasaka the Demigoddess... You went to your reward with 2255198 points, The Staff of Aesculapius (worth 5000 zorkmids and 12500 points) Vorpal Blade (worth 4000 zorkmids and 10000 points) The Eye of the Aethiopica (worth 4000 zorkmids and 10000 points) 1 amulet of restful sleep (worth 150 zorkmids), 1 amulet versus poison (worth 150 zorkmids), 1 amulet of change (worth 150 zorkmids), 1 amulet of unchanging (worth 150 zorkmids), 1 amulet of reflection (worth 150 zorkmids), and 0 pieces of gold, after 42387 moves. You were level 19 with a maximum of 130 hit points when you ascended.